Map: Ruins of Endion

Players

EJK

  • Race: Terran Terran
  • League: Grandmaster

puCK (Nina) - Winner!

  • Race: Protoss Protoss
  • League: Grandmaster

Event: Team Gravity's Fight Night #40

VOD

Have the link to the VOD?

Description

Time

  • Played on: April 10, 2016, 7:28 p.m.
  • Length: 8:58

All games in this series

Show
View Real Time Build Order
Export as new Build Order

EJK Terran 

Build Orders: Reaper Expand, MMM Bio 

Get SALT Encoding   

  12  0:00  SCV  
  13  0:12  SCV  
  14  0:17  Supply Depot  
  14  0:25  SCV  
  15  0:39  SCV  
  15  0:41  Barracks  
  16  0:48  Refinery  
  16  0:51  SCV  
  17  1:03  SCV  
  18  1:15  SCV  
  19  1:27  Orbital Command  
  19  1:31  Reaper  
  20  1:40  Command Center  
  20  1:50  Supply Depot  
  20  1:53  SCV  
  21  2:05  SCV  
  22  2:10  Barracks Reactor  
  22  2:12  Barracks  
  22  2:21  SCV  
  23  2:24  Refinery  
  23  2:29  Factory  
  23  2:33  SCV  
  24  2:45  SCV  
  24  2:46  Marine x2  
  28  2:59  Orbital Command  
  28  3:00  SCV  
  28  3:01  Barracks Tech Lab  
  28  3:05  Marine x2  
  30  3:17  SCV  
  31  3:21  Stimpack, Marine  
  31  3:23  Marine x2  
  31  3:25  Starport  
  34  3:28  SCV  
  34  3:29  SCV  
  34  3:32  Widow Mine  
  38  3:41  SCV x2, Supply Depot  
  39  3:45  Marine x2  
  39  3:47  Marine  
  43  3:53  SCV  
  43  3:54  SCV  
  40  4:03  Marine  
  40  4:05  SCV, Marine x2  
  40  4:06  SCV  
  40  4:07  Factory Reactor  
  43  4:17  SCV  
  43  4:18  SCV  
  45  4:27  Marauder, Marine x2  
  45  4:29  SCV  
  45  4:30  Medivac, SCV  
  45  4:31  Barracks  
  53  4:35  Engineering Bay  
  53  4:41  SCV  
  54  4:49  Refinery  
  54  4:54  Supply Depot  
  54  5:07  Terran Infantry Weapons Level 1  
  54  5:15  Marine  
  54  5:16  Medivac x2, Marauder, Barracks, SCV  
  62  5:31  SCV  
  62  5:32  Marine  
  62  5:33  SCV  
  56  5:36  Barracks Tech Lab  
  56  5:38  Barracks  
  56  5:40  Combat Shields  
  55  5:43  SCV  
  55  5:44  Marauder, Marine  
  55  5:45  SCV, Bunker  
  55  5:48  Missile Turret  
  60  5:50  Marine  
  60  5:55  SCV  
  62  5:58  Concussive Shells  
  62  6:02  Refinery  
  62  6:04  Medivac x2  
  62  6:08  SCV x2  
  62  6:09  Supply Depot  
  62  6:12  Barracks Tech Lab  
  62  6:25  Barracks Reactor, Supply Depot  
  62  6:30  Marauder x2, SCV x2, Marine x2  
  70  6:34  Liberator, Supply Depot  
  70  6:36  Marauder  
  70  6:37  Liberator  
  70  6:42  SCV x2  
  71  6:54  SCV x2  
  76  7:02  Terran Infantry Armor Level 1, Marine  
  76  7:04  Marine  
  76  7:06  SCV  
  76  7:07  Marine  
  76  7:08  Marine  
  80  7:10  Marine  
  80  7:11  Marine  
  82  7:16  SCV  
  82  7:18  SCV  
  82  7:20  Liberator  
  84  7:24  Marauder  
  84  7:27  Supply Depot  
  84  7:28  Marauder  
  88  7:32  Liberator  
  88  7:35  SCV  
  88  7:36  SCV  
  96  7:56  Marauder x2  
  100  8:01  Marine x2  
  102  8:08  Supply Depot x2  
  102  8:10  Marine x2  
  102  8:11  Marauder  
  106  8:18  Marauder  
  109  8:38  Marine  
  109  8:39  Marine x3  
Show
View Real Time Build Order
Export as new Build Order

puCK Protoss - Winner!

Build Orders: 1 Gate Expand 

Get SALT Encoding   

  12  0:01  Probe (Chrono Boost)  
  13  0:11  Probe (Chrono Boost)  
  14  0:17  Pylon  
  14  0:22  Probe (Chrono Boost)  
  15  0:35  Probe (Chrono Boost)  
  16  0:36  Gateway  
  16  0:45  Probe (Chrono Boost), Assimilator  
  17  0:56  Probe (Chrono Boost)  
  18  1:07  Probe (Chrono Boost)  
  19  1:17  Probe (Chrono Boost)  
  20  1:24  Nexus  
  20  1:33  Cybernetics Core  
  20  1:36  Probe (Chrono Boost)  
  21  1:44  Assimilator  
  22  1:47  Probe (Chrono Boost)  
  22  1:52  Pylon  
  22  1:57  Probe (Chrono Boost)  
  23  2:11  Adept, Mothership Core (Chrono Boost)  
  27  2:21  Warp Gate  
  27  2:29  Probe (Chrono Boost)  
  28  2:36  Probe (Chrono Boost)  
  29  2:39  Probe (Chrono Boost)  
  29  2:40  Adept  
  32  2:46  Probe (Chrono Boost)  
  32  2:47  Robotics Facility  
  32  2:50  Probe (Chrono Boost)  
  34  2:57  Probe (Chrono Boost)  
  35  3:00  Probe (Chrono Boost)  
  36  3:07  Probe (Chrono Boost)  
  36  3:08  Adept  
  36  3:11  Probe (Chrono Boost)  
  40  3:13  Assimilator  
  40  3:18  Pylon, Probe (Chrono Boost)  
  41  3:21  Probe (Chrono Boost)  
  41  3:25  Assimilator  
  42  3:28  Probe (Chrono Boost)  
  42  3:32  Probe (Chrono Boost)  
  44  3:34  Pylon  
  44  3:35  Observer (Chrono Boost)  
  44  3:37  Probe  
  46  3:43  Probe, Robotics Bay  
  46  3:48  Probe  
  48  3:55  Probe  
  48  3:58  Probe  
  50  4:06  Warp Prism (Chrono Boost)  
  50  4:08  Probe  
  50  4:09  Probe  
  49  4:14  Gateway  
  49  4:15  Gateway  
  50  4:19  Probe  
  50  4:20  Probe  
  50  4:22  Twilight Council  
  52  4:25  Pylon  
  52  4:30  Gravitic Drive  
  52  4:31  Probe  
  52  4:32  Probe  
  52  4:36  Stalker  
  56  4:40  Disruptor (Chrono Boost)  
  56  4:45  Probe  
  60  4:48  Gateway  
  60  4:51  Pylon  
  60  4:54  Probe  
  60  4:59  Stalker  
  63  5:03  Blink (Chrono Boost)  
  63  5:05  Probe  
  63  5:06  Probe  
  65  5:10  Stalker  
  65  5:12  Stalker  
  69  5:17  Probe  
  70  5:22  Observer  
  70  5:23  Stalker  
  70  5:24  Probe  
  73  5:29  Probe  
  73  5:36  Probe  
  73  5:41  Disruptor, Probe  
  75  5:43  Pylon  
  75  5:48  Nexus  
  78  5:50  Forge  
  78  5:57  Forge  
  78  6:01  Probe  
  78  6:03  Pylon  
  79  6:06  Probe  
  79  6:11  Pylon  
  77  6:13  Probe  
  78  6:19  Adept x3  
  78  6:20  Probe  
  78  6:21  Pylon  
  78  6:25  Probe  
  86  6:29  Protoss Ground Armor Level 1 (Chrono Boost), Pylon  
  86  6:32  Probe  
  87  6:37  Probe  
  88  6:46  Stalker  
  91  6:47  Stalker x3  
  91  6:50  Resonating Glaives (Chrono Boost)  
  91  6:51  Protoss Ground Weapons Level 1 (Chrono Boost)  
  91  6:52  Disruptor  
  99  7:06  Probe  
  99  7:07  Probe x2, Gateway  
  102  7:09  Gateway  
  102  7:17  Probe  
  102  7:19  Probe x2  
  105  7:23  Photon Cannon  
  105  7:26  Photon Cannon  
  105  7:27  Assimilator  
  105  7:28  Pylon, Assimilator  
  105  7:30  Observer  
  105  7:35  Stalker x4  
  113  7:45  Photon Cannon  
  113  7:48  Disruptor  
  113  7:49  Photon Cannon  
  113  7:56  Photon Cannon  
  113  7:57  Robotics Facility  
  116  8:04  Stalker  
  116  8:05  Stalker x3  
  124  8:15  Pylon  
  124  8:17  Pylon  
  124  8:18  Pylon, Photon Cannon  
  124  8:33  Stalker x4  

Tags
 
Add a new tag
Caveats
  • Supply blocks, unpowered buildings, or Contaminate may cause inaccurate times.
  • Supply counts are checked every 10 seconds.